Map: Ley Lines

Players

KimChiLoVer - Winner!

  • Race: Terran Terran
  • League: Diamond
  • Spawn Location: 1:00

VOD

Have the link to the VOD?

Description

Time

  • Played on: Aug. 30, 2025, 9:34 p.m.
  • Length: 8:02
Show
View Real Time Build Order
Export as new Build Order

KimChiLoVer Terran - Winner!

Build Orders: Reaper Expand 

Get SALT Encoding   

  12  0:02  SCV  
  12  0:15  SCV  
  12  0:18  Supply Depot  
  12  0:27  SCV  
  12  0:39  SCV  
  12  0:41  Barracks  
  12  0:45  Refinery  
  12  0:53  SCV  
  12  1:05  SCV  
  12  1:17  SCV  
  12  1:29  Orbital Command  
  12  1:31  Reaper  
  12  1:39  Command Center  
  12  1:49  Supply Depot  
  12  1:55  SCV  
  12  2:02  Marine  
  12  2:09  SCV  
  12  2:12  Factory  
  12  2:21  SCV  
  12  2:23  Barracks Reactor  
  12  2:33  SCV  
  12  2:45  SCV  
  12  2:58  Command Center  
  12  2:59  Barracks  
  12  3:07  Orbital Command  
  12  3:09  SCV, Barracks Tech Lab  
  12  3:11  Hellion  
  12  3:14  Hellion  
  12  3:21  SCV  
  12  3:29  Refinery  
  12  3:30  Stimpack, Marine  
  12  3:34  SCV  
  12  3:35  SCV  
  12  3:46  SCV  
  12  3:50  Starport  
  12  3:53  SCV  
  12  3:56  Refinery  
  12  3:58  SCV  
  12  4:01  Marine x2  
  12  4:02  Marine  
  12  4:04  Factory Reactor  
  12  4:06  SCV  
  12  4:10  Orbital Command  
  12  4:18  SCV  
  12  4:25  Marine x3  
  12  4:26  Supply Depot  
  12  4:27  SCV  
  12  4:30  SCV  
  12  4:32  Refinery  
  12  4:39  SCV  
  12  4:42  SCV, Marine x2  
  12  4:45  Engineering Bay  
  12  4:46  Engineering Bay  
  12  4:47  Medivac  
  12  4:49  Medivac  
  12  4:53  SCV  
  12  4:54  SCV  
  12  5:00  Marine x2  
  12  5:01  Factory Tech Lab  
  12  5:04  Supply Depot  
  12  5:06  SCV  
  12  5:13  SCV x2  
  12  5:15  Terran Infantry Weapons Level 1  
  12  5:16  Terran Infantry Armor Level 1  
  12  5:18  SCV, Combat Shield, Marine x2  
  12  5:21  Siege Tank  
  12  5:27  Marine  
  12  5:30  Supply Depot, SCV  
  12  5:35  Supply Depot, Marine  
  12  5:36  Marine  
  12  5:39  Orbital Command  
  12  5:43  SCV  
  12  5:45  SCV, Marine  
  12  5:55  SCV, Barracks x2  
  12  5:58  Barracks  
  12  6:06  SCV x2  
  12  6:07  SCV  
  12  6:09  Starport Reactor  
  12  6:14  Siege Tank  
  12  6:18  SCV  
  12  6:19  SCV  
  12  6:20  SCV  
  12  6:23  Marine x3  
  12  6:30  SCV  
  12  6:31  SCV  
  12  6:32  SCV  
  12  6:41  Supply Depot, Marine  
  12  6:45  Supply Depot  
  12  6:47  SCV x3, Siege Tank, Marine x2  
  12  6:51  Barracks Reactor x2  
  12  6:54  Marine x2  
  12  6:57  Medivac x2  
  12  6:59  SCV, Marine  
  12  7:02  SCV x2  
  12  7:03  Supply Depot  
  12  7:04  Marine  
  12  7:11  SCV  
  12  7:12  Supply Depot  
  12  7:13  Marine x3  
  12  7:21  Barracks  
  12  7:24  Barracks  
  12  7:26  Supply Depot  
  12  7:27  Barracks  
  12  7:33  Marine x3  
  12  7:44  SCV x2  
  12  7:45  Supply Depot  
  12  7:48  Refinery x2  
Tags
 
Add a new tag
Caveats
  • Supply blocks, unpowered buildings, or Contaminate may cause inaccurate times.
  • Supply counts are checked every 10 seconds.